 Dungeon Crawl Stone Soup version 0.22.0-6-g71bd7aa (webtiles) character file.

217 riellis the Grave Robber (level 5, -1/35 HPs)
             Began as a Demonspawn Necromancer on Aug 16, 2018.
             Slain by an orc wizard
             ... wielding a +0 dagger
              (2 damage)
             ... on level 2 of the Dungeon.
             The game lasted 00:12:02 (2806 turns).

riellis the Grave Robber (Demonspawn Necromancer)   Turns: 2806, Time: 00:12:03

Health: -1/35      AC:  4    Str: 10    XL:     5   Next: 62%
Magic:  0/9        EV: 13    Int: 18    God:
Gold:   148        SH:  0    Dex: 13    Spells: 1/9 levels left

rFire    . . .     SeeInvis .   i - +1 dagger (venom)
rCold    . . .     Gourm    .   (no shield)
rNeg     . . .     Faith    +   a - +1 robe
rPois    .         Spirit   +   (helmet restricted)
rElec    .         Reflect  .   (no cloak)
rCorr    .         Harm     .   (no gloves)
MR       .....                  t - +0 pair of boots
Stlth    ++........             e - amulet of faith
HPRegen  0.11/turn              j - -3 ring of intelligence (curse)
MPRegen  0.11/turn              k - +5 ring of intelligence

@: no status effects
A: antennae 2, hooves 1, magic shield
a: no special abilities


You were on level 2 of the Dungeon.
You were not hungry.

You visited 1 branch of the dungeon, and saw 3 of its levels.

You collected 148 gold pieces.

Inventory:

Hand Weapons
 i - a +1 dagger of venom (weapon)
 m - a +0 dagger
 s - a +0 dagger of draining
Armour
 a - a +1 robe (worn)
 t - a +0 pair of boots (worn)
Jewellery
 e - an amulet of faith (around neck)
 j - a cursed -3 ring of intelligence (left hand)
 k - a +5 ring of intelligence (right hand)
 l - a +4 ring of intelligence
 q - an uncursed amulet of magic regeneration {unknown}
Scrolls
 f - a scroll of magic mapping {unknown}
 g - a scroll of remove curse {unknown}
 n - a scroll of amnesia {unknown}
 o - 5 scrolls of identify
 u - a scroll of teleportation {unknown}
Potions
 d - a potion of might {unknown}
 h - 2 potions of brilliance
 p - 2 potions of mutation {unknown}
 r - a potion of curing {unknown}
Comestibles
 b - 7 chunks of flesh
 c - 5 rations


   Skills:
 + Level 2.8 Dodging
 + Level 3.0 Stealth
 + Level 2.9 Spellcasting
 * Level 5.9 Necromancy


You had one spell level left.
You knew the following spells:

 Your Spells              Type           Power        Failure   Level  Hunger
a - Pain                  Necr           ###.         1%          1    None
b - Animate Skeleton      Necr           N/A          1%          1    None
c - Vampiric Draining     Necr           ###.......   4%          3    ###....
d - Regeneration          Chrm/Necr      ##........   14%         3    ###....

Your spell library contained the following spells:

 Spells                   Type           Power        Failure   Level  Hunger
 Animate Dead             Necr           N/A          14%         4    ####...


Dungeon Overview and Level Annotations

Branches:
Dungeon (3/15)

Altars:

Annotations:
D:3 Grinder


Innate Abilities, Weirdness & Mutations

You have a pair of antennae on your head.
You have large cloven feet.
When hurt, damage is shared between your health and your magic reserves.


Message History

You see here a robe.
You hear some strange, mumbled words.
A puff of frost appears from out of thin air!
The puff of frost hits you!
* * * LOW HITPOINT WARNING * * *
There is a stone staircase leading up here.
You climb upwards.
There is a stone staircase leading down here.
You miss something. Something hits you.
* * * LOW HITPOINT WARNING * * *
Something hits you.
* * * LOW HITPOINT WARNING * * *
You barely miss something.
Casting: Pain (safe; 1% risk of failure)
Confirm with . or Enter, or press ? or * to list all spells.
You don't have enough magic to cast that spell.
You hit something. Something hits you. x2
* * * LOW HITPOINT WARNING * * *
You closely miss something. Something hits you.
You die...

######## #......# ###
#.####.##### #..
#.#.##.....#####.#
#.............#..#
##.....##.###.#...
#@......#......<<.
###{####..#.#.###.#.
#...# #..#.........
#.#.# ###.#.#.###.#.
#.#.# #.....#.# #.#.
#.#.# #.#.###.# #...
#.#.# #.#.....######
##'#.# #..........#
#....######.......###


There were no monsters in sight!

Vanquished Creatures
  A quasit (D:3)
  Jessica (D:3)
  Natasha (twice) (D:3)
  3 adders
  An ooze (D:1)
  3 worms
  2 leopard geckos (D:3)
  4 orcs (D:3)
  9 bats
  10 giant cockroaches
  3 goblins
  3 hobgoblins
  6 jackals (D:3)
  2 quokkas (D:2)
  2 ball pythons
  2 frilled lizards (D:1)
  7 kobolds
  8 rats
69 creatures vanquished.

Notes
Turn   | Place    | Note
-------+----------+-------------------------------------------
     0 | D:1      | riellis the Demonspawn Necromancer began the quest for the Orb.
     0 | D:1      | Reached XP level 1. HP: 13/13 MP: 3/3
   421 | D:1      | Gained mutation: When hurt, damage is shared between your health and your magic reserves. [demonic ancestry]
   421 | D:1      | Reached XP level 2. HP: 19/19 MP: 3/5
  1302 | D:2      | Gained mutation: You have a pair of small antennae on your head. [demonic ancestry]
  1302 | D:2      | Reached XP level 3. HP: 23/24 MP: 4/6
  1305 | D:2      | Learned a level 1 spell: Animate Skeleton
  1309 | D:2      | Learned a level 3 spell: Vampiric Draining
  1542 | D:2      | Reached skill level 5 in Necromancy
  1902 | D:3      | Gained mutation: You have a pair of antennae on your head. [demonic ancestry]
  1902 | D:3      | Reached XP level 4. HP: 29/30 MP: 4/7
  1997 | D:3      | Noticed Natasha
  2003 | D:3      | Learned a level 3 spell: Regeneration
  2017 | D:3      | Killed Natasha
  2215 | D:3      | Gained mutation: You have large cloven feet. [demonic ancestry]
  2215 | D:3      | Reached XP level 5. HP: 22/35 MP: 3/9
  2442 | D:3      | Noticed Grinder
  2497 | D:3      | Noticed Jessica
  2504 | D:3      | Killed Jessica
  2552 | D:3      | Noticed Natasha
  2556 | D:3      | Killed Natasha
  2805 | D:2      | HP: 1/35 [something (3)]
  2806 | D:2      | Slain by an orc wizard

Skill      XL: |  1  2  3  4  5 |
---------------+----------------+-----
Stealth        | 2 3 |  3.0
Dodging        | 2 |  2.8
Necromancy     | 5 |  5.9
Spellcasting   | |  2.9

Action                   |  1- 3 |  4- 6 || total
-------------------------+-------+-------++-------
Melee: Dagger            |    13 |    46 ||    59
Throw: Tomahawk          |    10 |     5 ||    15
 Cast: Pain              |    47 |    35 ||    82
       Animate Skeleton  |     2 |     3 ||     5
  Use: Scroll            |     3 |       ||     3
 Stab: Sleeping          |     2 |     2 ||     4
  Eat: Chunk             |     3 |     3 ||     6
Armor: Robe              |     7 |    25 ||    32
Dodge: Dodged            |    23 |    63 ||    86
